| TOP OF THE 1ST |
|
Winnipeg Goldeyes batting - Pitching for Detroit Red Wings : RHP Jimmy Dean
|
|
Pitching: RHP Jimmy Dean
|
|
|
Batting: RHB Settan Nakamura
|
0-0: Called Strike 0-1: Ball 1-1: Called Strike 1-2: Ball 2-2: Ball 3-2: TRIPLE (Flyball, 9LD, EV 107.5 MPH)
|
|
Batting: SHB Rodrigo Mendoza
|
0-0: Ball 1-0: Ball 2-0: Ball 3-0: Base on Balls
|
|
Batting: RHB Terry Oetker
|
0-0: Ball 1-0: Ball 2-0: Called Strike 2-1: Foul Ball, location: 2F 2-2: Foul Ball, location: 2F 2-2: Ball 3-2: Foul Ball, location: 2F 3-2: Grounds into double play, 4-6-3 (Groundball, 4, EV 96.9 MPH) Settan Nakamura scores
|
|
Batting: SHB Victor Turrubiate
|
0-0: Called Strike 0-1: Ball 1-1: Foul Ball, location: 2F 1-2: Foul Ball, location: 2F 1-2: Ball 2-2: Fly out, F8 (Flyball, 8RM, EV 95.0 MPH)
|
| Top of the 1st over - 1 run, 1 hit, 0 errors, 0 left on base; Winnipeg 1 - Detroit 0 |
| BOTTOM OF THE 1ST |
|
Detroit Red Wings batting - Pitching for Winnipeg Goldeyes : RHP Gregg Edwards
|
|
Pitching: RHP Gregg Edwards
|
|
|
Batting: LHB Duda Pinho
|
0-0: Called Strike 0-1: Swinging Strike 0-2: Fly out, F7 (Flyball, 78S, EV 91.9 MPH)
|
|
Batting: RHB Cody Kafer
|
0-0: Ball 1-0: Ball 2-0: Ball 3-0: Called Strike 3-1: Foul Ball, location: 2F 3-2: Base on Balls
|
|
Batting: RHB Jorge Lebron
|
0-0: Called Strike 0-1: Foul Ball, location: 2F 0-2: Ball 1-2: Strikes out looking
|
|
Batting: RHB Felipe Torres
|
0-0: Ball 1-0: Ball 2-0: Called Strike 2-1: Ball 3-1: Called Strike 3-2: Base on Balls Cody Kafer to second
|
|
Batting: RHB Harry Tugnut
|
0-0: Ball 1-0: Called Strike 1-1: Fly out, F9 (Flyball, 9, EV 89.4 MPH)
|
| Bottom of the 1st over - 0 runs, 0 hits, 0 errors, 2 left on base; Winnipeg 1 - Detroit 0 |
| TOP OF THE 2ND |
|
Winnipeg Goldeyes batting - Pitching for Detroit Red Wings : RHP Jimmy Dean
|
|
Batting: RHB Itocravo Arrochela
|
0-0: Called Strike 0-1: Ball 1-1: Foul Ball, location: 2F 1-2: Foul Ball, location: 2F 1-2: Foul Ball, location: 2F 1-2: Fly out, F8 (Flyball, 89D, EV 108.1 MPH)
|
|
Batting: RHB Mike Berzins
|
0-0: Called Strike 0-1: Foul Ball, location: 2F 0-2: Ball 1-2: Fly out, F7 (Line Drive, 7D, EV 96.9 MPH)
|
|
Batting: SHB Tim Lloyd
|
0-0: Foul Ball, location: 2F 0-1: Ball 1-1: Foul Ball, location: 2F 1-2: Ball 2-2: Foul Ball, location: 2F 2-2: Ground out U3 (Groundball, 23, EV 84.4 MPH)
|
| Top of the 2nd over - 0 runs, 0 hits, 0 errors, 0 left on base; Winnipeg 1 - Detroit 0 |
| BOTTOM OF THE 2ND |
|
Detroit Red Wings batting - Pitching for Winnipeg Goldeyes : RHP Gregg Edwards
|
|
Batting: RHB Peter Jones
|
0-0: Called Strike 0-1: Ball 1-1: Fly out, F3 (Line Drive, 34, EV 60.6 MPH)
|
|
Batting: RHB Carlos Avila
|
0-0: Called Strike 0-1: Ground out 6-3 (Groundball, 6, EV 88.1 MPH)
|
|
Batting: SHB Roderick Speed
|
0-0: Swinging Strike 0-1: Ball 1-1: Swinging Strike 1-2: Ball 2-2: Ball 3-2: Foul Ball, location: 2F 3-2: Fly out, F6 (Popup, 6, EV 78.1 MPH)
|
| Bottom of the 2nd over - 0 runs, 0 hits, 0 errors, 0 left on base; Winnipeg 1 - Detroit 0 |
| TOP OF THE 3RD |
|
Winnipeg Goldeyes batting - Pitching for Detroit Red Wings : RHP Jimmy Dean
|
|
Batting: SHB Andy Ehrsam
|
0-0: Fly out, F8 (Flyball, 78S, EV 91.2 MPH)
|
|
Batting: RHB Ricky Saucedo
|
0-0: Ball 1-0: Ball 2-0: Ball 3-0: Base on Balls
|
|
Batting: RHB Settan Nakamura
|
0-0: Ball 1-0: Called Strike 1-1: Foul Ball, location: 2F 1-2: Strikes out swinging
|
|
Batting: SHB Rodrigo Mendoza
|
0-0: Called Strike 0-1: Foul Ball, location: 2F 0-2: Strikes out swinging
|
| Top of the 3rd over - 0 runs, 0 hits, 0 errors, 1 left on base; Winnipeg 1 - Detroit 0 |
| BOTTOM OF THE 3RD |
|
Detroit Red Wings batting - Pitching for Winnipeg Goldeyes : RHP Gregg Edwards
|
|
Batting: RHB Victor Acuna
|
0-0: Ball 1-0: Ball 2-0: Ground out 4-3 (Groundball, 4S, EV 89.4 MPH)
|
|
Batting: LHB Duda Pinho
|
0-0: Fly out, F9 (Flyball, 9LSF, EV 90.6 MPH)
|
|
Batting: RHB Cody Kafer
|
0-0: Fly out, F9 (Line Drive, 9, EV 100.0 MPH)
|
| Bottom of the 3rd over - 0 runs, 0 hits, 0 errors, 0 left on base; Winnipeg 1 - Detroit 0 |
| TOP OF THE 4TH |
|
Winnipeg Goldeyes batting - Pitching for Detroit Red Wings : RHP Jimmy Dean
|
|
Batting: RHB Terry Oetker
|
0-0: Foul Ball, location: 2F 0-1: Foul Ball, location: 2F 0-2: Ball 1-2: Fly out, F8 (Flyball, 78S, EV 83.1 MPH)
|
|
Batting: SHB Victor Turrubiate
|
0-0: Ball 1-0: Swinging Strike 1-1: Foul Ball, location: 2F 1-2: Fly out, F3 (Line Drive, 3L, EV 73.1 MPH)
|
|
Batting: RHB Itocravo Arrochela
|
0-0: Ball 1-0: DOUBLE (Line Drive, 9LD, EV 108.8 MPH)
|
|
Batting: RHB Mike Berzins
|
0-0: Ball 1-0: Called Strike 1-1: Ball 2-1: Swinging Strike 2-2: SINGLE (Line Drive, 78S, EV 96.2 MPH) Itocravo Arrochela to third Runner from 3rd tries for Home, throw by CF and OUT! 8-2
|
| Top of the 4th over - 0 runs, 2 hits, 0 errors, 1 left on base; Winnipeg 1 - Detroit 0 |
| BOTTOM OF THE 4TH |
|
Detroit Red Wings batting - Pitching for Winnipeg Goldeyes : RHP Gregg Edwards
|
|
Batting: RHB Jorge Lebron
|
0-0: Ball 1-0: Fly out, F7 (Flyball, 7LM, EV 81.9 MPH)
|
|
Batting: RHB Felipe Torres
|
0-0: Called Strike 0-1: Ball 1-1: Ground out 6-3 (Groundball, 6, EV 101.2 MPH)
|
|
Batting: RHB Harry Tugnut
|
0-0: Called Strike 0-1: Fly out, F7 (Line Drive, 7, EV 98.1 MPH)
|
| Bottom of the 4th over - 0 runs, 0 hits, 0 errors, 0 left on base; Winnipeg 1 - Detroit 0 |
| TOP OF THE 5TH |
|
Winnipeg Goldeyes batting - Pitching for Detroit Red Wings : RHP Jimmy Dean
|
|
Batting: SHB Tim Lloyd
|
0-0: Foul Ball, location: 2F 0-1: Ball 1-1: Foul Ball, location: 2F 1-2: Ball 2-2: Foul Ball, location: 2F 2-2: Ground out 5-3 (Groundball, 5, EV 86.9 MPH)
|
|
Batting: SHB Andy Ehrsam
|
0-0: Fly out, F8 (Flyball, 8RD, EV 95.0 MPH)
|
|
Batting: RHB Ricky Saucedo
|
0-0: Ball 1-0: Swinging Strike 1-1: Ball 2-1: Called Strike 2-2: Strikes out swinging
|
| Top of the 5th over - 0 runs, 0 hits, 0 errors, 0 left on base; Winnipeg 1 - Detroit 0 |
| BOTTOM OF THE 5TH |
|
Detroit Red Wings batting - Pitching for Winnipeg Goldeyes : RHP Gregg Edwards
|
|
Batting: RHB Peter Jones
|
0-0: Ball 1-0: Swinging Strike 1-1: Fly out, F7 (Line Drive, 7S, EV 98.8 MPH)
|
|
Batting: RHB Carlos Avila
|
0-0: Called Strike 0-1: Ball 1-1: Foul Ball, location: 2F 1-2: Ground out 4-3 (Groundball, 34, EV 101.9 MPH)
|
|
Batting: SHB Roderick Speed
|
0-0: Ball 1-0: Ball 2-0: Ball 3-0: Called Strike 3-1: Base on Balls
|
|
Batting: RHB Victor Acuna
|
0-0: Called Strike 0-1: Fly out, F8 (Flyball, 8LXD, EV 81.9 MPH)
|
| Bottom of the 5th over - 0 runs, 0 hits, 0 errors, 1 left on base; Winnipeg 1 - Detroit 0 |
| TOP OF THE 6TH |
|
Winnipeg Goldeyes batting - Pitching for Detroit Red Wings : RHP Jimmy Dean
|
|
Batting: RHB Settan Nakamura
|
0-0: Foul Ball, location: 2F 0-1: Foul Ball, location: 2F 0-2: SINGLE (Flyball, 3D, EV 85.0 MPH)
|
|
Batting: SHB Rodrigo Mendoza
|
0-0: Called Strike 0-1: Ball 1-1: Ball 2-1: Ball 3-1: Foul Ball, location: 2F 3-2: DOUBLE (Line Drive, 9LS, EV 106.2 MPH) Settan Nakamura to third Settan Nakamura scores
|
|
Batting: RHB Terry Oetker
|
0-0: Ball 1-0: Ball 2-0: Ball 3-0: Foul Ball, location: 2F 3-1: Fly out, F4 (Flyball, 4MD, EV 87.5 MPH)
|
|
Batting: SHB Victor Turrubiate
|
0-0: Intentional Walk
|
|
Batting: RHB Itocravo Arrochela
|
0-0: Fly out, F8 (Flyball, 8RM, EV 78.1 MPH)
|
|
Batting: RHB Mike Berzins
|
0-0: Ball 1-0: Foul Ball, location: 2F 1-1: Ball 2-1: Foul Ball, location: 2F 2-2: Reached on error, E6 (Groundball, 6, EV 93.1 MPH) Rodrigo Mendoza to third Victor Turrubiate to second
|
|
Batting: SHB Tim Lloyd
|
0-0: Foul Ball, location: 2F 0-1: Foul Ball, location: 2F 0-2: Ball 1-2: Ball 2-2: Ball 3-2: Foul Ball, location: 2F 3-2: Foul Ball, location: 2F 3-2: Foul Ball, location: 2F 3-2: SINGLE (Line Drive, 8LS, EV 98.8 MPH) Rodrigo Mendoza scores Victor Turrubiate to third Mike Berzins to second Victor Turrubiate scores Mike Berzins to third
|
|
Pitching: RHP Steve Riley
|
|
|
Batting: SHB Andy Ehrsam
|
0-0: Called Strike 0-1: Foul Ball, location: 2F 0-2: Strikes out swinging
|
| Top of the 6th over - 3 runs, 3 hits, 1 error, 2 left on base; Winnipeg 4 - Detroit 0 |
| BOTTOM OF THE 6TH |
|
Detroit Red Wings batting - Pitching for Winnipeg Goldeyes : RHP Gregg Edwards
|
|
Batting: LHB Duda Pinho
|
0-0: Ground out 6-3 (Groundball, 6, EV 103.1 MPH)
|
|
Batting: RHB Cody Kafer
|
0-0: Ball 1-0: Ball 2-0: Called Strike 2-1: Called Strike 2-2: Ground out 6-3 (Groundball, 6, EV 79.4 MPH)
|
|
Batting: RHB Jorge Lebron
|
0-0: Ball 1-0: Swinging Strike 1-1: Called Strike 1-2: Ball 2-2: Ball 3-2: Fly out, F7 (Flyball, 7, EV 86.2 MPH)
|
| Bottom of the 6th over - 0 runs, 0 hits, 0 errors, 0 left on base; Winnipeg 4 - Detroit 0 |
| TOP OF THE 7TH |
|
Winnipeg Goldeyes batting - Pitching for Detroit Red Wings : RHP Steve Riley
|
|
Batting: RHB Ricky Saucedo
|
0-0: Foul Ball, location: 2F 0-1: Ball 1-1: Foul Ball, location: 2F 1-2: Ball 2-2: Strikes out swinging
|
|
Batting: RHB Settan Nakamura
|
0-0: Ball 1-0: Called Strike 1-1: Ball 2-1: Foul Ball, location: 2F 2-2: Foul Ball, location: 2F 2-2: SINGLE (Line Drive, 7S, EV 96.9 MPH)
|
|
Batting: SHB Rodrigo Mendoza
|
0-0: Swinging Strike 0-1: Fielders Choice at 2nd, 4-6 (Groundball, 4, EV 103.8 MPH)
|
|
Batting: RHB Terry Oetker
|
0-0: Fly out, F7 (Flyball, 78M, EV 86.9 MPH)
|
| Top of the 7th over - 0 runs, 1 hit, 0 errors, 1 left on base; Winnipeg 4 - Detroit 0 |
| BOTTOM OF THE 7TH |
|
Detroit Red Wings batting - Pitching for Winnipeg Goldeyes : RHP Gregg Edwards
|
|
Batting: RHB Felipe Torres
|
0-0: Called Strike 0-1: Fly out, F9 (Flyball, 9, EV 92.5 MPH)
|
|
Batting: RHB Harry Tugnut
|
0-0: Swinging Strike 0-1: Ball 1-1: Ball 2-1: Foul Ball, location: 2F 2-2: Fly out, F8 (Flyball, 8RD, EV 91.9 MPH)
|
|
Batting: RHB Peter Jones
|
0-0: Foul Ball, location: 2F 0-1: Ball 1-1: Ball 2-1: Foul Ball, location: 2F 2-2: SINGLE (Groundball, 3D, EV 99.4 MPH)
|
|
Pitching: RHP Chris Buschke
|
|
|
Batting: RHB Carlos Avila
|
0-0: Ball 1-0: Swinging Strike 1-1: Foul Ball, location: 2F 1-2: Ball 2-2: Strikes out swinging
|
| Bottom of the 7th over - 0 runs, 1 hit, 0 errors, 1 left on base; Winnipeg 4 - Detroit 0 |
| TOP OF THE 8TH |
|
Winnipeg Goldeyes batting - Pitching for Detroit Red Wings : RHP Steve Riley
|
|
Batting: SHB Victor Turrubiate
|
0-0: Fly out, F8 (Flyball, 8LS, EV 80.0 MPH)
|
|
Batting: RHB Itocravo Arrochela
|
0-0: Ball 1-0: Ball 2-0: Fly out, F6 (Popup, P, EV 84.4 MPH)
|
|
Batting: RHB Mike Berzins
|
0-0: Ball 1-0: Fly out, F8 (Line Drive, 8LD, EV 91.2 MPH)
|
| Top of the 8th over - 0 runs, 0 hits, 0 errors, 0 left on base; Winnipeg 4 - Detroit 0 |
| BOTTOM OF THE 8TH |
|
Detroit Red Wings batting - Pitching for Winnipeg Goldeyes : RHP Chris Buschke
|
|
Batting: SHB Roderick Speed
|
0-0: Called Strike 0-1: Ball 1-1: Ball 2-1: Ground out 1-3 (Groundball, 15S, EV 67.5 MPH)
|
|
Batting: LHB Iestyn Peacock
|
0-0: Called Strike 0-1: Foul Ball, location: 2F 0-2: Ball 1-2: Strikes out looking
|
|
Batting: LHB Duda Pinho
|
0-0: Ball 1-0: Foul Ball, location: 2F 1-1: Foul Ball, location: 2F 1-2: Strikes out swinging, 2-3 out at first.
|
| Bottom of the 8th over - 0 runs, 0 hits, 0 errors, 0 left on base; Winnipeg 4 - Detroit 0 |
| TOP OF THE 9TH |
|
Winnipeg Goldeyes batting - Pitching for Detroit Red Wings : RHP Steve Riley
|
|
Batting: SHB Tim Lloyd
|
0-0: Ball 1-0: Foul Ball, location: 2F 1-1: Foul Ball, location: 2F 1-2: Strikes out swinging
|
|
Pinch Hitting: RHB Mitsuhiro Kobayashi
|
0-0: Ball 1-0: Ball 2-0: Ball 3-0: Swinging Strike 3-1: Fly out, F8 (Flyball, 8RS, EV 72.5 MPH)
|
|
Batting: RHB Ricky Saucedo
|
0-0: Called Strike 0-1: Ball 1-1: Ball 2-1: Foul Ball, location: 2F 2-2: Ball 3-2: Ground out 5-3 (Groundball, 5, EV 83.8 MPH)
|
| Top of the 9th over - 0 runs, 0 hits, 0 errors, 0 left on base; Winnipeg 4 - Detroit 0 |
| BOTTOM OF THE 9TH |
|
Detroit Red Wings batting - Pitching for Winnipeg Goldeyes : RHP Chris Buschke
|
|
Now in LF: Yu-zeng Mai
|
|
|
Batting: RHB Cody Kafer
|
0-0: Ball 1-0: Fly out, F4 (Flyball, 4D, EV 85.6 MPH)
|
|
Batting: RHB Jorge Lebron
|
0-0: Ball 1-0: Ball 2-0: Called Strike 2-1: Called Strike 2-2: Fly out, F1 (Line Drive, P, EV 71.2 MPH)
|
|
Pinch Hitting: SHB Isaiah Bias
|
0-0: Called Strike 0-1: Swinging Strike 0-2: Strikes out swinging
|
| Bottom of the 9th over - 0 runs, 0 hits, 0 errors, 0 left on base; Winnipeg 4 - Detroit 0 |
|